 Dungeon Crawl Stone Soup version 0.31-a0-152-g6aa68a64a1 (webtiles) character file.

Game seed: 10470566785313998026

3072 Moral the Magician (level 9, -11/70 HPs)
             Began as a Naga Air Elementalist on June 9, 2023.
             Mangled by a large slime creature (37 damage)
             ... on level 7 of the Dungeon on June 10, 2023.
             The game lasted 01:03:37 (10850 turns).

Moral the Magician (Naga Air Elementalist)         Turns: 10850, Time: 01:03:38

Health: -11/70     AC:  7    Str: 11    XL:     9   Next: 88%
Magic:  9/20       EV: 15    Int: 19    God:
Gold:   427        SH:  0    Dex: 12    Spells: 22/23 levels left

rFire   . . .        s - +2 dagger (venom)
rCold   . . .        (no shield)
rNeg    . . .        a - +0 robe
rPois   +            y - +2 hat
rElec   .            (no cloak)
rCorr   .            g - +0 pair of gloves
SInv    +            (no barding)
Will    +....        (no amulet)
Stlth   +++          o - ring of wizardry
HPRegen 0.31/turn    l - +5 ring of evasion
MPRegen 0.17/turn

%: wizardry (x1)
@: unable to drink, very slow
A: AC +3, large, see invisible, deformed body, poison resistance, slowness 2,
spit poison 1, naga tail 1, inability to drink after injury 1
a: Spit Poison


You were on level 7 of the Dungeon.
You visited 1 branch of the dungeon, and saw 7 of its levels.

You collected 539 gold pieces.
You spent 112 gold pieces at shops.

Inventory:

Hand Weapons
 k - a +2 heavy trident
 s - a +2 dagger of venom (weapon)
Armour
 a - a +0 robe (worn)
 g - a +0 pair of gloves (worn)
 y - a +2 hat (worn)
Jewellery
 c - a ring of poison resistance
 l - a +5 ring of evasion (right hand)
 n - a ring of protection from cold
 o - a ring of wizardry (left hand)
Wands
 e - a wand of paralysis (5)
 m - a wand of flame (15)
 t - a wand of acid (8)
 x - a wand of polymorph (13)
Scrolls
 d - a scroll of poison {unknown}
 q - 2 scrolls of identify
 z - a scroll of silence {unknown}
Potions
 b - a potion of magic
 f - 2 potions of haste {unknown}
 h - a potion of resistance
 i - 3 potions of heal wounds {unknown}
 j - 3 potions of might
 p - a potion of curing {unknown}
 r - a potion of invisibility {unknown}
 u - a potion of ambrosia
 v - a potion of lignification {unknown}
 w - a potion of brilliance {unknown}


   Skills:
 + Level 1.3 Fighting
 * Level 2.9 Short Blades
 - Level 2.1 Polearms
 + Level 3.1 Dodging
 + Level 4.6 Stealth
 * Level 7.9 Spellcasting
 + Level 4.7 Conjurations
 * Level 7.8 Air Magic


You had 22 spell levels left.
You knew the following spells:

 Your Spells              Type           Power      Damage    Failure   Level
a - Shock                 Conj/Air       100%       1d9       1%          1

Your spell library contained the following spells:

 Spells                   Type           Power      Damage    Failure   Level
 Static Discharge         Conj/Air       62%        2-5/arc   1%          2
 Swiftness                Air            37%        N/A       1%          3
 Airstrike                Air            18%        2d(3-19)  1%          4
 Ensorcelled Hibernation  Hex/Ice        14%        N/A       6%          2
 Passwall                 Tmut/Erth      5%         N/A       6%          2


Dungeon Overview and Level Annotations

Branches:
Dungeon (7/15)             Temple (0/1) D:7

Altars:
Ashenzari
Gozag
Qazlal
Ru
Xom

Shops:
D:4 !   D:6 :(:

Annotations:
D:1 1 runed translucent door
D:7 Maggie


Innate Abilities, Weirdness & Mutations

Your serpentine skin is tough. (AC +3)
You have supernaturally acute eyesight. (SInv)
Armour fits poorly on your strangely shaped body.
Your system is resistant to poisons. (rPois)
You cover ground very slowly.
You can spit poison.
You have a snake-like lower body.
You occasionally lose the ability to drink potions when taking damage.


Message History

The splash of poison hits the large slime creature.
The large slime creature is severely wounded.
The large slime creature hits you but does no damage.
Aiming: Shock (safe; 1% risk of failure)
Press: ? - help, Q - select action, (/) - cycle Shift-Dir - straight line, f/p - large slime creature
Aim: a large slime creature (severely wounded, poisoned, 94% to hit)
The zap hits the large slime creature.
The large slime creature is severely wounded.
The large slime creature completely misses you.
Unknown command.
Aiming: Shock (safe; 1% risk of failure)
Press: ? - help, Q - select action, (/) - cycle Shift-Dir - straight line, f/p - large slime creature
Aim: a large slime creature (severely wounded, poisoned, 94% to hit)
The zap hits the large slime creature.
The large slime creature is severely wounded.
The large slime creature barely misses you.
Aiming: Shock (safe; 1% risk of failure)
Press: ? - help, Q - select action, (/) - cycle Shift-Dir - straight line, f/p - large slime creature
Aim: a large slime creature (severely wounded, poisoned, 94% to hit)
The zap hits the large slime creature.
The large slime creature is severely wounded.
The large slime creature looks more healthy.
The large slime creature barely misses you.
Aiming: Shock (safe; 1% risk of failure)
Press: ? - help, Q - select action, (/) - cycle Shift-Dir - straight line, f/p - large slime creature
Aim: a large slime creature (severely wounded, 94% to hit)
The zap hits the large slime creature.
The large slime creature is severely wounded.
You have got your breath back.
The large slime creature closely misses you.
Unknown command.
Aiming: Shock (safe; 1% risk of failure)
Press: ? - help, Q - select action, (/) - cycle Shift-Dir - straight line, f/p - large slime creature
Aim: a large slime creature (severely wounded, 94% to hit)
The zap hits the large slime creature!
The large slime creature is almost dead.
The large slime creature hits you!!!
You feel threatened and lose the ability to drink potions!
Ouch! That really hurt!
You die...

♣♣♣...# #:....##..#
###.....##### # #♣..#
##....#...###........ ♣..#
####...)..#......... #♣..#
#....[##......... ♣♣...##
#..#.##...#.....≈ ♣.....##
#..#..#..)#J....≈ # ♣♣♣.....#
#.....'(#####...≈ + #♣....#
##.#J##...#./...≈ # ♣.#..#
#.#@##...#.....≈ #
#♣....######.#.###......... #
♣♣♣............#.# #.........
# ........####
###...##........
##.........############..[..#
#..............))....########
#.........##..8#8...## #.####
####...######.#!#..## #.....
#...# #.8#8..# ######


You could see a large slime creature.

Vanquished Creatures
  Grinder (D:3)
  A steam dragon (D:6)
  A water moccasin (D:7)
  2 sky beasts (D:7)
  An ice beast (D:6)
  An ogre (D:5)
  3 centaurs
  A kobold brigand (D:7)
  2 bullfrogs
  8 scorpions
  4 killer bees (D:7)
  2 howler monkeys (D:7)
  10 hounds
  2 jellies
  6 orc priests
  2 sleepcaps (D:7)
  2 iguanas
  An orc wizard (D:6)
  Natasha (D:3)
  10 gnolls
  4 adders
  2 shadow imps
  A white imp (D:7)
  An ufetubus (D:6)
  3 worms
  4 dart slugs
  28 orcs
  6 ball pythons
  7 endoplasms
  3 giant cockroaches
  29 goblins
  43 hobgoblins
  8 jackals
  19 kobolds
  3 quokkas
  5 bats
  3 frilled lizards
  9 rats
239 creatures vanquished.

Vanquished Creatures (collateral kills)
  An adder (D:2)
  A bat (D:2)
  A kobold (D:2)
3 creatures vanquished.

Grand Total: 242 creatures vanquished

Notes
Turn   | Place    | Note
-------+----------+-------------------------------------------
     0 | D:1      | Moral the Naga Air Elementalist began the quest for the
                  | Orb.
     0 | D:1      | Reached XP level 1. HP: 15/15 MP: 3/3
     1 | D:1      | Found a runed translucent door.
   211 | D:1      | Reached XP level 2. HP: 22/22 MP: 0/5
   736 | D:1      | Reached XP level 3. HP: 28/28 MP: 3/6
  1983 | D:2      | Reached XP level 4. HP: 36/36 MP: 4/8
  2613 | D:3      | Noticed Natasha
  2614 | D:3      | Found a shimmering altar of Xom.
  2623 | D:3      | Reached XP level 5. HP: 42/42 MP: 2/9
  2922 | D:3      | Noticed Grinder
  2940 | D:3      | Paralysed by Grinder for 3 turns
  2948 | D:3      | Killed Grinder
  2949 | D:3      | Reached XP level 6. HP: 24/49 MP: 2/12
  3077 | D:3      | Killed Natasha
  3416 | D:3      | Reached skill level 5 in Air Magic
  3621 | D:3      | Reached XP level 7. HP: 55/55 MP: 11/13
  3807 | D:4      | Reached skill level 1 in Polearms
  4011 | D:4      | Found Locw's Distillery.
  4014 | D:4      | Bought a potion of mutation for 112 gold pieces
  4014 | D:4      | Gained mutation: You occasionally lose the ability to drink
                  | potions when taking damage. [potion of mutation]
  4383 | D:4      | Found a stormy altar of Qazlal.
  4631 | D:4      | Found an opulent altar of Gozag.
  4631 | D:4      | Found a broken altar of Ashenzari.
  4759 | D:5      | Entered Level 5 of the Dungeon
  5163 | D:5      | Reached skill level 5 in Spellcasting
  5240 | D:5      | Reached XP level 8. HP: 46/62 MP: 10/15
  7024 | D:5      | Reached skill level 1 in Short Blades
  7657 | D:6      | Found Kiddopp's Book Shop.
  7750 | D:6      | Reached XP level 9. HP: 69/69 MP: 8/19
  8387 | D:6      | Found Bowiciypn's Book Shop.
  8447 | D:6      | Found Cunnacoo's Antique Weapon Boutique.
  9131 | D:6      | Found a sacrificial altar of Ru.
  9222 | D:7      | Reached skill level 1 in Fighting
  9501 | D:7      | Found a staircase to the Ecumenical Temple.
  9839 | D:7      | Noticed Maggie
 10850 | D:7      | Mangled by a large slime creature

Illustrated notes

Levels and vault maps discovered:
D:1:      dpeg_arrival_caged_fury, layout_loops_ring, minmay_misc_feat_hallway,
          serial_bayou_ford_a
D:2:      layout_rooms
D:3:      layout_basic, xom_teletrap_fun, uniq_natasha, uniq_grinder
D:4:      layout_loops_cross, mainiacjoe_overflow_small_starburst,
          nicolae_overflow_two_pavilions, serial_shops,
          nicolae_shop_window_shopping
D:5:      minmay_goblin_kobold_castle, layout_loops_ring, dk_vineyard_3
D:6:      corexii_shack_village, layout_basic, nicolae_ru_the_path_less_chosen,
          serial_shops, nicolae_stop_n_shop_1, shop,
          nicolae_shop_just_a_little_nook
D:7:      layout_loops_ring, kennysheep_mini, minmay_temple_entry_offerings,
          minmay_stone_trees_large, chequers_serial_rivers_large_a, st_stairs_7,
          minmay_statues_item, grunt_potential, uniq_maggie

Skill      XL: |  1  2  3  4  5  6  7  8  9 |
---------------+----------------------------+-----
Spellcasting   | 3 4 5 6 7 |  7.9
Conjurations   | 2 3 4 |  4.7
Dodging        | 2 3 |  3.1
Air Magic      | 4 5 6 7 |  7.8
Polearms       | 1 2 |  2.1
Stealth        | 4 |  4.6
Short Blades   | 1 2 |  2.9
Fighting       | 1 |  1.3

Action                     |  1- 3 |  4- 6 |  7- 9 || total
---------------------------+-------+-------+-------++-------
  Melee: Unarmed           |    10 |     2 |       ||    12
         Trident           |       |     1 |     2 ||     3
         Dagger            |       |       |    72 ||    72
         Punch             |       |       |     1 ||     1
   Cast: Shock             |    83 |    80 |   384 ||   547
Ability: Spit Poison       |     9 |    12 |    29 ||    50
    Use: Scroll            |     5 |     2 |     7 ||    14
         Potion            |       |       |     1 ||     1
 Armour: Robe              |     1 |    15 |    65 ||    81
  Dodge: Dodged            |     8 |    20 |   172 ||   200

Table legend: (Time is in decaauts)
 A = Elapsed time spent in this place.
 B = Non-inter-level travel time spent in this place.
 C = Inter-level travel time spent in this place.
 D = Time resting spent in this place.
 E = Time spent auto-exploring this place.
 F = Levels seen in this place.
 G = Mean time per level.
                   A        B        C        D        E       F      G
               +--------+--------+--------+--------+--------+-----+--------+
         Total |  12623 |  12545 |     78 |   3406 |   7052 |   7 | 1803.3 |
       Dungeon |  12623 |  12545 |     78 |   3406 |   7052 |   7 | 1803.3 |
               +--------+--------+--------+--------+--------+-----+--------+

Top non-repeatable levels by time:
     D:5: 2740 daAuts
     D:6: 2223 daAuts
     D:7: 1807 daAuts
     D:1: 1708 daAuts
     D:3: 1522 daAuts
     D:4: 1340 daAuts
     D:2: 1280 daAuts
